details: 'How.To.Rape.An.UD'

« prev index next »

General information

Mini Map

Players

team 1
Undeadsam99 (orange | 28 APM | 199 actions | 06:59)
Hero icon 1 Death Knight
Ability icon 1 Death Coil

» actions
Build / train15
Enter build submenu5
Enter hero's abilities submenu1
Right click120
Select / deselect45
Use ability13
199 total
» units
Acolyte1
Ghoul8
9 total
» upgrades
Cannibalize1
1 total
» buildings
Ziggurat2
Crypt1
Altar of Darkness1
Tomb of Relics1
Nerubian Tower2
Halls of the Dead1
8 total
» build order
00:29 Ziggurat
00:32 Crypt
00:35 Ziggurat
00:59 Altar of Darkness
02:46 Tomb of Relics
04:21 Nerubian Tower
05:12 Halls of the Dead
05:33 Nerubian Tower
team 2
Random» HumanYEAHSHESASSBATS (purple | 133 APM | 932 actions | 07:01)
Hero icon 4 Archmage
Ability icon 2 Summon Water Elemental
Ability icon 2 Brilliance Aura

» actions
Assign group hotkey22
Basic commands95
Build / train26
Enter build submenu11
Enter hero's abilities submenu4
Right click376
Select / deselect215
Select group hotkey158
Use ability25
932 total
» units
Peasant8
Footman7
Rifleman2
17 total
» upgrades
Masonry1
Long Rifles1
2 total
» buildings
Altar of Kings1
Farm6
Barracks1
Lumber Mill1
Arcane Vault1
Keep1
Blacksmith1
12 total
» build order
00:03 Altar of Kings
00:06 Farm
00:25 Barracks
00:43 Farm
02:03 Farm
02:40 Lumber Mill
02:56 Arcane Vault
03:18 Farm
03:31 Keep
04:28 Blacksmith
05:13 Farm
06:16 Farm